AoeStats
← JIJINz

Nomad

510797962Analyzed
4v4 RM · 6h ago on Oct 2, 2026· 41m 57s· 8 players
Game mode
Random Map
Map size
231×231
Population
200
Speed
Normal
Resources
Standard
Victory
Conquest
Starting age
Dark Age
Ending age
Imperial Age
RankedLock teamsTeams togetherTeam positionsShared explorationLock speedFull tech treeHidden civsTurbo modeCheats
Victory
Defeat
🇨🇳 Danes · China
1554
+11
🇯🇵 Vikings · Japan
1521
+12
🇨🇳 Saxons · China
1516
+12
🇨🇳 Varangians · China
1476
+13
🇩🇪 Ethiopians · Germany
1505
-16
🇺🇸 Spanish · United States
1464
-13
🇹🇼 Georgians · Taiwan
1385
-10
🇪🇸 Slavs · Spain
1353
-9
AML4554
5:03 Loom
12:42 Feudal Age
20:38 Castle Age
31:20 Wheelbarrow
30:29 Horse Collar
33:05 Double-Bit Axe
35:31 Hand Cart
41:07 Imperial Age
40:37 Scale Barding Armor
40:44 Forging
41:47 Bloodlines
41:38 Husbandry
manfred_da_pig
5:14 Loom
13:50 Feudal Age
17:54 Castle Age
16:17 Fletching
17:43 Double-Bit Axe
18:36 Gold Mining
18:43 Bodkin Arrow
18:14 Crossbowman
19:18 Bow Saw
19:41 Town Watch
22:36 Padded Archer Armor
24:29 Leather Archer Armor
26:53 Ballistics
27:28 Horse Collar
31:32 Wheelbarrow
32:07 Thumb Ring
32:08 Stone Mining
35:47 Murder Holes
ZhongliN
6:13 Loom
12:41 Feudal Age
13:48 Double-Bit Axe
18:21 Castle Age
17:39 Gold Mining
19:33 Bow Saw
21:33 Scale Barding Armor
21:38 Forging
22:16 Bloodlines
22:06 Husbandry
21:58 Fishing Lines
22:29 Horse Collar
26:30 Chain Barding Armor
32:12 Town Watch
33:09 Fletching
34:53 Heavy Plow
36:03 Wheelbarrow
37:34 Iron Casting
38:08 Bodkin Arrow
39:22 Husbandry
ChaosReigns
5:03 Loom
12:50 Feudal Age
13:14 Man-at-Arms
17:11 Scale Mail Armor
25:07 Double-Bit Axe
27:25 Horse Collar
34:28 Castle Age
33:31 Town Watch
33:54 Gold Mining
38:55 Bow Saw
43:32 Imperial Age
JIJINz
5:57 Loom
14:07 Feudal Age
18:00 Castle Age
16:12 Double-Bit Axe
16:11 Horse Collar
16:14 Fishing Lines
17:08 Gold Mining
17:40 Fletching
18:56 Bow Saw
19:51 Bodkin Arrow
21:52 Stone Mining
22:43 Ballistics
24:20 Medium Warships
25:59 Town Watch
27:08 Horse Collar
28:05 Gold Shaft Mining
28:18 Clinker Construction
31:45 Squires
31:30 Arson
35:06 Imperial Age
32:38 Scale Mail Armor
33:01 Squires
32:46 Arson
34:08 Chain Mail Armor
34:58 Forging
35:21 Chieftains
36:55 Plate Mail Armor
35:51 Elite Varangian Guard
37:44 Conscription
38:15 Iron Casting
42:17 Blast Furnace
seabed
13:56 Feudal Age
13:31 Loom
15:00 Double-Bit Axe
17:28 Castle Age
16:59 Fishing Lines
19:13 Bow Saw
19:58 Scale Mail Armor
22:59 Gillnets
25:40 Chain Mail Armor
28:41 Wheelbarrow
30:40 Ballistics
33:18 Fletching
35:55 Bodkin Arrow
38:29 Padded Archer Armor
39:16 Thumb Ring
小鸡
10:39 Loom
14:59 Feudal Age
17:28 Fishing Lines
20:17 Fletching
20:47 Double-Bit Axe
21:09 Fletching
24:26 Castle Age
22:49 Padded Archer Armor
25:05 Bodkin Arrow
24:32 Elite Skirmisher
27:30 Gillnets
32:29 Wheelbarrow
37:01 Hand Cart
妈妈。
9:11 Loom
12:28 Feudal Age
13:03 Double-Bit Axe
14:25 Fletching
18:48 Padded Archer Armor
22:34 Bloodlines
26:10 Castle Age
28:23 Bodkin Arrow
29:09 Crossbowman
32:15 Ballistics
Connection lost

Rejoining the realm…

Still unreachable

The connection could not be restored.

Session expired

The server has moved on; the page needs a fresh start.